 Dungeon Crawl Stone Soup version 0.18-a0-912-g81d1dc4 (webtiles) character file.

436 motkuuri the Ruffian (level 7, 0/64 HPs)
             Began as a Ghoul Monk on Dec 25, 2015.
             Slain by a gnoll (6 damage)
             ... on level 4 of the Dungeon.
             The game lasted 00:09:31 (2582 turns).

motkuuri the Ruffian (Ghoul Monk)                   Turns: 2582, Time: 00:09:32

Health: 0/64       AC:  5    Str: 18    XL:     7   Next: 1%
Magic:  6/6        EV: 12    Int:  7    God:
Gold:   154        SH:  0    Dex: 16    Spells: 0 memorised, 6 levels left

rFire  . . .     SeeInvis .       - Unarmed
rCold  + . .     Gourm    .     y - +0 ring mail
rNeg   + + +     Faith    .     (no shield)
rPois  ∞         Spirit   .     (no helmet)
rElec  .         Dismiss  .     (no cloak)
rCorr  .         Reflect  .     (no gloves)
SustAt .         Harm     .     (no boots)
MR     .....                    (no amulet)
Stlth  +.........               i - +5 ring of dexterity
                                h - +3 ring of strength

@: rotting, not resistant to hostile enchantments, very unstealthy
A: rotting body, claws 1, carnivore 3, cold resistance 1, negative energy
resistance 3, slow regeneration 1, torment resistance, unbreathing
a: no special abilities


You were on level 4 of the Dungeon.
You were not hungry.

You visited 1 branch of the dungeon, and saw 4 of its levels.
You also visited: Sewer.

You collected 154 gold pieces.

Inventory:

Hand Weapons
 c - a +1 dagger of speed
 d - a +0 dagger of electrocution
 j - a +1 falchion of slicing
Armour
 y - a +0 ring mail (worn)
Jewellery
 h - a +3 ring of strength (left claw)
 i - a +5 ring of dexterity (right claw)
 k - an uncursed ring of flight {unknown}
 m - an uncursed amulet of harm
 n - a cursed ring of loudness {unknown}
Wands
 w - a wand of cold (5/15)
Scrolls
 e - 2 scrolls of magic mapping
 g - 4 scrolls of remove curse
 o - a scroll of random uselessness {unknown}
 p - 2 scrolls of amnesia
 q - a scroll of noise {unknown}
Potions
 l - a potion of magic {unknown}
 r - 3 potions of flight
 s - 2 potions of curing {unknown}
 t - 2 potions of heal wounds {unknown}
 v - a potion of haste {unknown}
 x - a potion of brilliance {unknown}
Comestibles
 b - 4 meat rations
 f - a slice of pizza


   Skills:
 + Level 6.4 Fighting
 - Level 2.6 Dodging
 - Level 2.1 Stealth
 + Level 6.9 Unarmed Combat


You had 6 spell levels left.
You didn't know any spells.

Dungeon Overview and Level Annotations

Branches:
Dungeon (4/15)
 Temple: D:4-7

Altars:
Dithmenos
Kikubaaqudgha
Makhleb
Okawaru
Ru
Trog
Vehumet

Annotations:
D:4 nublet's ghost, amateur OgTm


Innate Abilities, Weirdness & Mutations

Your body is rotting away.
You thrive on raw meat.
You are immune to poison.
You have sharp fingernails.
You are carnivorous and can eat meat at any time.
Your flesh is cold resistant.
You are immune to negative energy.
You regenerate slowly when monsters are visible.
You are immune to unholy pain and torment.
You can survive without breathing.


Message History

Nublet's ghost hits you.
* * * LOW HITPOINT WARNING * * *
A black bear comes into view.
You closely miss nublet's ghost.
Nublet's ghost is almost destroyed.
The black bear growls angrily.
Nublet's ghost barely misses you.
The black bear moves out of view.
You closely miss nublet's ghost.
Nublet's ghost is almost destroyed.
Nublet's ghost says, "I was once a great warrior, and I still am!"
Nublet's ghost hits you.
* * * LOW HITPOINT WARNING * * *
The gnoll shouts!
A gnoll comes into view. It is wielding a spear.
The gnoll shouts!
The black bear barely misses you.
The black bear claws you but does no damage.
The black bear barely misses you. The gnoll hits you.
You die...

..###...g#
......g............#
.[.................#
.......##.........(#
.......##..........#
...................#
.(.....# #.....g...#
.....#####.........#
...............g@.<##
..###.####.gg.h.....#
. #...###...W.....#
#....###........#
###.....#########
###...# ##....#
###....# #.#..#


You could see a black bear, nublet's ghost and 4 gnolls.

Vanquished Creatures
  Grinder (D:3)
  A big kobold (Sewer)
  A crimson imp (D:3)
  A worker ant (D:3)
  4 adders
  A river rat (Sewer)
  A worm (D:2)
  An orc (D:3)
  3 ball pythons
  7 giant cockroaches
  6 goblins
  3 hobgoblins
  A jackal (Sewer)
  10 bats
  2 giant geckos
  5 giant newts
  18 kobolds
  3 quokkas
  14 rats
83 creatures vanquished.

Notes
Turn   | Place    | Note
--------------------------------------------------------------
     0 | D:1      | motkuuri the Ghoul Monk began the quest for the Orb.
     0 | D:1      | Reached XP level 1. HP: 19/19 MP: 0/0
   109 | D:1      | Reached XP level 2. HP: 22/27 MP: 1/1
   470 | D:1      | Reached XP level 3. HP: 29/33 MP: 2/2
   504 | D:1      | Found an iron altar of Okawaru.
   953 | D:2      | Reached skill level 5 in Unarmed Combat
  1151 | D:2      | Found a faded altar to an unknown god.
  1228 | D:2      | Found a shadowy altar of Dithmenos.
  1228 | D:2      | Found an iron altar of Okawaru.
  1229 | D:2      | Found a bloodstained altar of Trog.
  1277 | D:2      | Reached XP level 4. HP: 41/41 MP: 3/3
  1629 | D:3      | Found a sacrificial altar of Ru.
  1707 | D:3      | Found a glowing drain.
  1752 | Sewer    | Entered a sewer
  1767 | Sewer    | Reached skill level 5 in Fighting
  1767 | Sewer    | Reached XP level 5. HP: 35/48 MP: 4/4
  1857 | Sewer    | Reached skill level 6 in Unarmed Combat
  1922 | Sewer    | Found a white marble altar of Elyvilon.
  2042 | D:3      | Noticed Grinder
  2088 | D:3      | Paralysed by Grinder for 5 turns
  2098 | D:3      | Killed Grinder
  2098 | D:3      | Reached XP level 6. HP: 42/57 MP: 5/5
  2455 | D:3      | Found an ancient bone altar of Kikubaaqudgha.
  2496 | D:3      | Found a radiant altar of Vehumet.
  2496 | D:3      | Found a burning altar of Makhleb.
  2514 | D:3      | Reached XP level 7. HP: 50/64 MP: 6/6
  2551 | D:4      | Noticed nublet's ghost (amateur OgTm)
  2582 | D:4      | Slain by a gnoll

Vault maps used:
D:1:      erik_arrival_blinker_ship, st_stairs_9, moated_statue,
          minmay_misc_feat_columns, okawaru_ov_weapons_minmay
D:2:      gammafunk_temple_overflow_claw, ecumenical_altar_2
D:3:      grunt_temple_overflow_lords_of_destruction,
          nicolae_ru_sacrificial_ziggurat, lemuel_coloured_pillars_altar,
          portal_sewer_entry_a, uniq_grinder
D:4:      kb_xom_exploding_sheep
Sewer:    sewer_kobolds

Action                   |  1- 3 |  4- 6 |  7- 9 || total
-------------------------+-------+-------+-------++-------
Melee: Unarmed           |   127 |   139 |    17 ||   283
  Use: Scroll            |       |     4 |       ||     4
 Stab: Sleeping          |    10 |     3 |       ||    13
  Eat: Chunk             |     5 |    13 |       ||    18
